 Dungeon Crawl Stone Soup version 0.21.1-1-g345015f (webtiles) character file.

61 letownia2 the Conjurer (level 4, 0/24 HPs)
             Began as a Tengu Fire Elementalist on Mar 5, 2018.
             Succumbed to an adder's poison
             ... on level 3 of the Dungeon.
             The game lasted 00:02:13 (423 turns).

letownia2 the Conjurer (Tengu Fire Elementalist)     Turns: 423, Time: 00:02:13

Health: 0/24       AC:  3    Str:  8    XL:     4   Next: 7%
Magic:  0/8        EV: 12    Int: 16    God:
Gold:   26         SH:  0    Dex: 15    Spells: 3/7 levels left

rFire    . . .     SeeInvis .   d - +0 dagger
rCold    . . .     Gourm    .   (no shield)
rNeg     . . .     Faith    .   l - +0 leather armour
rPois    .         Spirit   .   (helmet restricted)
rElec    .         Reflect  .   (no cloak)
rCorr    .         Harm     .   (no gloves)
MR       .....                  (boots unavailable)
Stlth    ++........             (no amulet)
HPRegen  0.08/turn              (no ring)
MPRegen  0.11/turn              (no ring)

@: lethally poisoned (0 -> -9)
A: beak, talons 3
a: no special abilities


You were on level 3 of the Dungeon.
You were not hungry.

You visited 1 branch of the dungeon, and saw 3 of its levels.

You collected 26 gold pieces.

Inventory:

Hand Weapons
 d - a +0 dagger (weapon)
 k - a +0 hunting sling
Armour
 a - a +0 robe
 l - a +0 leather armour (worn)
Scrolls
 i - 3 scrolls of amnesia {unknown}
 j - a scroll of enchant weapon {unknown}
Potions
 e - a potion of berserk rage {unknown}
 f - a potion of curing {unknown}
 h - a potion of flight {unknown}
 m - 2 potions of brilliance {unknown}
Books
 b - a book of Flames

   Spells                             Type                      Level
   a - Flame Tongue                   Conjuration/Fire             1
   b - Throw Flame                    Conjuration/Fire             2
   c - Conjure Flame                  Conjuration/Fire             3
   d - Inner Flame                    Hexes/Fire                   3
   e - Sticky Flame                   Conjuration/Fire             4
   f - Fireball                       Conjuration/Fire             5
Comestibles
 c - 2 rations
 g - 5 chunks of flesh


   Skills:
 - Level 2.1 Dodging
 - Level 2.0 Stealth
 - Level 2.0 Spellcasting
 + Level 5.1 Conjurations
 - Level 3.2 Fire Magic


You had 3 spell levels left.
You knew the following spells:

 Your Spells              Type           Power        Failure   Level  Hunger
a - Flame Tongue          Conj/Fire      ###..        5%          1    #......
c - Conjure Flame         Conj/Fire      ###.....     16%         3    ###....


Dungeon Overview and Level Annotations

Branches:
Dungeon (3/15)

Altars:
Qazlal


Innate Abilities, Weirdness & Mutations

You have a beak for a mouth.
You have claws for feet.


Message History

Confirm with . or Enter, or press ? or * to list all spells.
Aiming: Flame Tongue
Press: ? - help, Shift-Dir - straight line, f/p - adder
Aim: an adder (severely wounded)
The flame tongue hits the adder.
The adder is almost dead.
* * * LOW HITPOINT WARNING * * *
You feel sick. The adder barely misses you.
Casting: Flame Tongue
Confirm with . or Enter, or press ? or * to list all spells.
You don't have enough magic to cast that spell.
No previous command to re-do.
You hit the adder. Your kick misses the adder.
The adder is almost dead.
The adder misses you.
You completely miss the adder.
You kill the adder!
Your Conjurations skill increases to level 5!
You have reached level 4!
You feel agile.
You die...

#..........÷..#.#
###.######.####.#.#
..).....<..# #.#.#
....#.###..# ##.#.#
#####.# #..###....#
# #.# #..##.#.#.# #
#.# #.........# #
#.# #.###..##.# .
#.# #.# ##.#@.# .
#.# #.# #..#†# ..#
#.##... #.# ####
#.# #.# #.# #.# ..


There were no monsters in sight!

Vanquished Creatures
  4 adders (D:3)
  A dart slug (D:1)
  A leopard gecko (D:1)
  A giant cockroach (D:1)
  5 goblins
  A hobgoblin (D:2)
  A bat (D:2)
  A frilled lizard (D:3)
  8 kobolds
  2 rats
25 creatures vanquished.

Notes
Turn   | Place    | Note
-------+----------+-------------------------------------------
     0 | D:1      | letownia2 the Tengu Fire Elementalist began the quest for the Orb.
     0 | D:1      | Reached XP level 1. HP: 10/10 MP: 4/4
    22 | D:1      | Reached skill level 2 in Conjurations
    87 | D:1      | Reached XP level 2. HP: 8/15 MP: 1/6
   105 | D:1      | Reached skill level 3 in Conjurations
   176 | D:2      | Found a stormy altar of Qazlal.
   264 | D:3      | Reached skill level 4 in Conjurations
   264 | D:3      | Reached XP level 3. HP: 11/19 MP: 3/7
   269 | D:3      | Learned a level 3 spell: Conjure Flame
   423 | D:3      | Reached skill level 5 in Conjurations
   423 | D:3      | Reached XP level 4. HP: 1/24 MP: 0/8
   423 | D:3      | Succumbed to an adder's poison

Skill      XL: |  1  2  3 |
---------------+----------+-----
Conjurations   | 2 4 5 |  5.1
Dodging        | |  2.1
Stealth        | |  2.0
Spellcasting   | |  2.0
Fire Magic     | |  3.2

Action                   |  1- 3 |  4- 6 || total
-------------------------+-------+-------++-------
Melee: Dagger            |    14 |       ||    14
       Peck              |     2 |       ||     2
       Kick              |     3 |       ||     3
 Cast: Flame Tongue      |    40 |       ||    40
 Stab: Sleeping          |     1 |       ||     1
Armor: Robe              |     6 |       ||     6
       Leather armour    |     1 |       ||     1
Dodge: Dodged            |    25 |       ||    25
